cohdb
Replays
Latest Replays
All Replays
Popular Replays
Top Player Replays
Match Explorer
How It Works
Community
CoH3 Stats
Reddit
Sign in to upload your games and track your stats! →
Sign in with Steam
Match 43616147
Unlisted
Match 43616147
Overview
Messages
Build Orders
End
Panzergrenadier Squad
Kradschützen Motorcycle Team
Selects Armored Support Battlegroup
Panzergrenadier Squad
Construct Light Support Kompanie
Panzerpioneer Squad
2.5-tonne Medical Truck
Panzerjäger Squad
Selects Veteran Gunners
Assault Mechanized Group
Fire Support Elements
Combat Half-tracks
Construct Mechanized Kompanie
Marder III Tank Destroyer
Selects Flammpanzer III Medium Tank
Flammpanzer III Medium Tank
bigcheese
86DRIFT3R
Vishtan
Lionheart
0
0
Comments
sign in to comment!
No comments posted yet!